AoeStats
← IdliDosa

Black Forest

509593954Analyzed
4v4 RM · 4d ago on Sep 27, 2026· 59m 44s· 8 players
Game mode
Random Map
Map size
Large (8 player)
Population
200
Speed
Normal
Resources
Standard
Victory
Conquest
Starting age
Dark Age
Ending age
Imperial Age
RankedLock teamsTeams togetherTeam positionsShared explorationLock speedFull tech treeHidden civsTurbo modeCheats
Victory
Defeat
🇮🇳 Danes · India
1253
+14
🇪🇸 Japanese · Spain
1247
+14
🇮🇳 Ethiopians · India
1234
+15
🇵🇰 Dravidians · Pakistan
1213
+15
🇩🇪 Mongols · Germany
1252
-16
🇺🇸 Huns · United States
1243
-16
🇦🇺 Britons · Australia
1163
-13
🇦🇺 Slavs · Australia
1161
-13
IdliDosa
11:17 Feudal Age
12:27 Feudal Age
13:33 Double-Bit Axe
13:33 Horse Collar
16:27 Castle Age
17:34 Bow Saw
17:26 Heavy Plow
22:37 Wheelbarrow
29:31 Imperial Age
27:18 Hand Cart
27:09 Squires
27:01 Arson
28:09 Scale Mail Armor
28:19 Forging
28:02 Gambesons
29:08 Pikeman
29:16 Hamask
30:13 Chain Mail Armor
30:33 Iron Casting
29:54 Loom
29:52 Onager
30:07 Halberdier
31:57 Plate Mail Armor
33:15 Blast Furnace
32:35 Elite Varangian Guard
33:38 Conscription
34:11 Siege Onager
37:42 Capped Ram
38:39 Heavy Scorpion
40:25 Chemistry
39:46 Ballistics
39:32 Siege Engineers
38:52 Northmen's Fury
39:43 Siege Ram
45:13 Fletching
45:35 Masonry
45:20 Murder Holes
46:31 Bodkin Arrow
49:46 Elite Jomsviking
51:02 Hoardings
54:00 Man-at-Arms
58:35 Bracer
Hanoboy
5:24 Loom
10:56 Feudal Age
16:09 Castle Age
15:32 Horse Collar
15:40 Double-Bit Axe
17:21 Wheelbarrow
18:28 Bow Saw
18:21 Heavy Plow
26:00 Hand Cart
26:00 Gold Mining
28:28 Fletching
28:42 Padded Archer Armor
29:06 Ballistics
31:36 Imperial Age
28:52 Town Watch
29:08 Stone Mining
30:11 Masonry
30:13 Thumb Ring
30:06 Bodkin Arrow
30:27 Leather Archer Armor
31:36 Herbal Medicine
31:51 Elite Elephant Archer
32:33 Bracer
33:04 Ring Archer Armor
33:37 Chemistry
34:15 Two-Man Saw
35:04 Guilds
34:57 Caravan
35:28 Medical Corps
35:45 Conscription
36:05 Hoardings
40:34 Wootz Steel
50:58 Murder Holes
51:18 Fortified Wall
51:29 Bombard Tower
51:05 Murder Holes
53:23 Scale Mail Armor
53:33 Forging
54:29 Pikeman
55:10 Squires
54:55 Arson
55:03 Gambesons
54:39 Man-at-Arms
55:22 Squires
54:43 Pikeman
55:09 Arson
57:21 Halberdier
57:22 Long Swordsman
58:21 Chain Mail Armor
58:41 Iron Casting
58:03 Two-Handed Swordsman
59:27 Champion
60:44 Plate Mail Armor
snek_fan
0:51 Loom
11:07 Feudal Age
15:05 Castle Age
13:39 Double-Bit Axe
14:57 Horse Collar
21:33 Wheelbarrow
23:57 Bow Saw
24:23 Crossbowman
25:27 Thumb Ring
25:27 Gold Mining
26:35 Fletching
27:56 Bodkin Arrow
28:33 Ballistics
32:31 Imperial Age
33:06 Arbalester
33:47 Bracer
34:49 Chemistry
33:51 Padded Archer Armor
34:30 Gold Shaft Mining
38:31 Hand Cart
38:37 Leather Archer Armor
41:34 Ring Archer Armor
40:46 Capped Ram
41:26 Town Watch
51:45 Scale Barding Armor
51:50 Forging
51:43 Husbandry
53:17 Light Cavalry
54:13 Hussar
55:22 Chain Barding Armor
57:09 Iron Casting
56:59 Conscription
_Suko_
0:53 Loom
11:05 Feudal Age
12:04 Man-at-Arms
24:14 Castle Age
22:04 Double-Bit Axe
22:40 Horse Collar
23:15 Gold Mining
25:44 Bow Saw
25:39 Heavy Plow
29:55 Wheelbarrow
34:42 Imperial Age
32:15 Fletching
32:38 Forging
33:12 Hand Cart
32:34 Pikeman
33:06 Elite Skirmisher
33:57 Scale Mail Armor
33:52 Bodkin Arrow
34:33 Iron Casting
35:03 Gold Shaft Mining
36:09 Chain Mail Armor
36:45 Ballistics
36:51 Halberdier
37:29 Town Watch
39:34 Chemistry
40:13 Blast Furnace
39:13 Bracer
42:50 Chain Mail Armor
42:43 Onager
44:19 Squires
44:54 Siege Engineers
46:48 Plate Mail Armor
46:22 Long Swordsman
48:06 Two-Handed Swordsman
48:38 Two-Handed Swordsman
50:23 Champion
50:49 Gambesons
54:34 Champion
Bread
11:09 Feudal Age
14:22 Loom
16:50 Castle Age
22:15 Double-Bit Axe
23:17 Fletching
25:19 Crossbowman
27:53 Wheelbarrow
28:01 Horse Collar
28:34 Bow Saw
29:31 Bodkin Arrow
30:20 Hand Cart
31:38 Padded Archer Armor
32:29 Heavy Plow
32:58 Leather Archer Armor
34:45 Ballistics
36:56 Gold Mining
37:09 Town Watch
40:11 Imperial Age
37:20 Elite Skirmisher
42:07 Chemistry
41:16 Bracer
43:10 Two-Man Saw
43:36 Ring Archer Armor
43:47 Yeomen
43:48 Conscription
45:41 Siege Engineers
46:24 Arbalester
46:31 Arbalester
48:41 Scale Mail Armor
51:57 Warwolf
52:35 Masonry
57:12 Capped Ram
Johnson
9:53 Feudal Age
10:21 Loom
10:32 Double-Bit Axe
15:37 Castle Age
13:25 Horse Collar
16:47 Heavy Plow
21:29 Wheelbarrow
21:15 Town Watch
23:32 Hand Cart
25:37 Gold Mining
26:16 Bow Saw
28:14 Gold Shaft Mining
31:05 Imperial Age
28:35 Stone Mining
29:27 Fletching
29:38 Padded Archer Armor
30:45 Stone Shaft Mining
30:15 Town Patrol
31:01 Ballistics
30:37 Murder Holes
31:26 Bodkin Arrow
31:46 Leather Archer Armor
31:40 Scale Barding Armor
31:45 Forging
31:29 Capped Ram
32:41 Conscription
33:04 Husbandry
33:15 Bloodlines
33:10 Bracer
32:57 Elite Mangudai
34:48 Chemistry
33:40 Onager
35:46 Iron Casting
35:32 Chain Barding Armor
34:48 Light Cavalry
35:58 Drill
35:09 Siege Ram
35:39 Hussar
37:30 Siege Onager
39:26 Thumb Ring
42:51 Masonry
42:31 Heavy Camel Rider
46:15 Caravan
furkanonal2018
10:39 Feudal Age
11:26 Double-Bit Axe
11:22 Horse Collar
16:00 Castle Age
16:55 Bow Saw
16:46 Heavy Plow
23:15 Gold Mining
23:15 Stone Mining
24:42 Wheelbarrow
24:59 Gold Shaft Mining
26:35 Loom
29:02 Forging
28:57 Scale Barding Armor
29:41 Detinets
29:48 Detinets
32:25 Imperial Age
30:36 Iron Casting
30:40 Bloodlines
30:31 Husbandry
30:54 Chain Barding Armor
31:21 Fletching
32:31 Heavy Scorpion
34:08 Elite Boyar
35:53 Blast Furnace
35:28 Plate Barding Armor
36:17 Ballistics
36:58 Chemistry
37:12 Two-Man Saw
37:50 Siege Engineers
37:56 Masonry
41:16 Hoardings
41:52 Bodkin Arrow
41:51 Light Cavalry
43:21 Hand Cart
44:37 Hussar
49:36 Onager
55:46 Coinage
Chunkles
0:55 Loom
15:48 Feudal Age
18:10 Double-Bit Axe
18:07 Horse Collar
19:53 Wheelbarrow
27:10 Castle Age
28:41 Fletching
28:51 Padded Archer Armor
29:15 Thumb Ring
28:31 Elite Skirmisher
29:29 Bodkin Arrow
29:26 Town Watch
29:56 Hand Cart
29:35 Elite Skirmisher
30:35 Leather Archer Armor
43:23 Bow Saw
Connection lost

Rejoining the realm…

Still unreachable

The connection could not be restored.

Session expired

The server has moved on; the page needs a fresh start.